 Dungeon Crawl Stone Soup version 0.14.1-1-g650416f (webtiles) character file.

114 Duskembrace the Changer (level 4, 0/32 HPs)
             Began as a Merfolk Transmuter on May 2, 2014.
             Succumbed to an adder's poison
             ... on Level 2 of the Dungeon.
             The game lasted 00:06:34 (1942 turns).

Duskembrace the Changer (Merfolk Transmuter)        Turns: 1942, Time: 00:06:34

HP   0/32        AC  2     Str 10      XL: 4   Next:  2%
MP   9/9         EV 18     Int 13      God:
Gold 56          SH  0     Dex 19      Spells:  2 memorised,  5 levels left

rFire  + . .     SeeInvis .       - Unarmed
rCold  + . .     Clarity  .     c - +0 robe
rNeg   . . .     Conserve .     (no shield)
rPois  +         rCorr    .     (no helmet)
rElec  +         rRot     .     (no cloak)
SustAb . .       Spirit   .     (no gloves)
rMut   .         Warding  .     (no boots)
Saprov . . .     Stasis   .     (no amulet)
MR     .....                    (no ring)
                                k - ring of poison resistance

@: agile, lethally poisoned, very slightly contaminated, not resistant to
hostile enchantments, stealthy
A: change form in water, swift swim
a: no special abilities


You were on level 2 of the Dungeon.
You were hungry.

You visited 1 branch of the dungeon, and saw 2 of its levels.

You collected 56 gold pieces.

Inventory:

Missiles
 b - 12 arrows
 q - 24 darts (quivered)
Armour
 c - a +0 robe (worn)
Comestibles
 a - 4 bread rations
 l - a pear
 r - a chunk of giant gecko flesh
 s - a meat ration
 t - a chunk of bat flesh
Scrolls
 e - 2 scrolls of remove curse {unknown}
 g - 3 scrolls of enchant weapon I {unknown}
 i - 2 scrolls of enchant armour {unknown}
 n - a scroll of identify {unknown}
 o - a scroll of blinking {unknown}
 p - a scroll of magic mapping {unknown}
 v - a scroll of enchant weapon II {unknown}
Jewellery
 k - a ring of poison resistance (left hand)
Books
 d - a book of Changes

   Spells                             Type                      Level
   *Beastly Appendage                 Transmutation                1
   Sticks to Snakes                   Transmutation                2
   *Spider Form                       Transmutation/Poison         3
   Ice Form                           Ice/Transmutation            4
   Blade Hands                        Transmutation                5


   Skills:
 - Level 1.1 Fighting
 - Level 2.6 Dodging
 - Level 0.5 Stealth
 - Level 3.3 Unarmed Combat
 + Level 3.0 Spellcasting
 + Level 4.0 Transmutations


You had 5 spell levels left.
You knew the following spells:

 Your Spells              Type           Power        Failure   Level  Hunger
a - Beastly Appendage     Trmt           ##....       6%          1    #......
b - Spider Form           Trmt/Pois      #.........   34%         3    ###....


Dungeon Overview and Level Annotations

Branches:
Dungeon (2/15)

Altars:


Message History

* * * LOW HITPOINT WARNING * * *
You feel sick.
Drink which item? (? for menu, Esc to quit)
You feel refreshed.
It was a potion of restore abilities.
You feel less confused.
* * * LOW HITPOINT WARNING * * *
You feel sick.
* * * LOW HITPOINT WARNING * * *
You feel sick.
You see here a scroll labeled SHROME SUUNOGRATA.
Your transformation has ended.
Your +0 robe unmelds from your body.
* * * LOW HITPOINT WARNING * * *
You feel sick.
Found a black potion.
* * * LOW HITPOINT WARNING * * *
You feel sick.
A goblin comes into view.
The goblin shouts!
You die...

............#
#............#
............#
#....).......#
............#
#....?.#######
............# #......#
.......###### #......#
.......# #......#
.......# #......#
.......########......####
................@..(.....
....### ######.$.......##
....# #.........# ....#
#.........# ..
#..!....g.# #.........
#........ #....... ...


You could see a goblin.

Vanquished Creatures
  2 adders (D:2)
  3 giant geckos
  A ball python (D:1)
  3 bats
  2 giant cockroaches (D:1)
  6 goblins
  3 hobgoblins (D:1)
  4 jackals (D:2)
  A quokka (D:2)
  2 giant newts
  5 kobolds
  3 rats (D:1)
35 creatures vanquished.

Notes
Turn   | Place    | Note
--------------------------------------------------------------
     0 | D:1      | Duskembrace, the Merfolk Transmuter, began the quest for the Orb.
     0 | D:1      | Reached XP level 1. HP: 15/15 MP: 3/3
    13 | D:1      | Noticed a shark
   314 | D:1      | Reached XP level 2. HP: 19/21 MP: 2/4
  1080 | D:1      | Reached XP level 3. HP: 22/26 MP: 4/6
  1085 | D:1      | Learned a level 3 spell: Spider Form
  1729 | D:2      | Reached skill level 4 in Transmutations
  1929 | D:2      | Reached XP level 4. HP: 8/32 MP: 0/9
  1938 | D:2      | HP: 1/32 [poisoned by an adder]
  1942 | D:2      | Succumbed to an adder's poison

Action                   |  1- 3 |  4- 6 || total
-------------------------+-------+-------++-------
Melee: Unarmed           |   134 |       ||   134
 Cast: Beastly Appendage |    15 |       ||    15
       Spider Form       |     2 |       ||     2
  Use: Potion            |       |     5 ||     5
